Map: Newkirk Precinct TE (Void)

Players

Raze - Winner!

  • Race: Terran Terran
  • Spawn Location: 7:00

CatZ

  • Race: Zerg Zerg
  • Spawn Location: 5:00

Event: WCS Austin 2017

VOD

Have the link to the VOD?

Description

Time

  • Played on: April 28, 2017, 6:02 p.m.
  • Length: 14:28

All games in this series

Show
View Real Time Build Order
Export as new Build Order

Raze Terran - Winner!

Build Orders: Liberator Opening, Mech 

Get SALT Encoding   

  12  0:00  SCV  
  13  0:12  SCV  
  14  0:17  Supply Depot  
  14  0:24  SCV  
  15  0:30  Refinery  
  15  0:39  SCV  
  16  0:44  Barracks  
  16  0:51  SCV  
  17  1:03  SCV  
  18  1:15  SCV  
  19  1:31  Orbital Command  
  19  1:32  Barracks Reactor  
  19  1:43  Command Center  
  19  1:54  Factory  
  19  1:57  SCV  
  20  2:06  Supply Depot  
  20  2:08  Marine  
  20  2:11  Marine  
  20  2:13  SCV  
  23  2:19  Refinery  
  23  2:27  Marine, SCV  
  23  2:29  Marine  
  26  2:39  SCV  
  27  2:45  Starport, Marine  
  27  2:46  Marine  
  27  2:47  Factory Reactor  
  29  2:51  SCV  
  30  3:03  Marine  
  30  3:04  Marine  
  32  3:06  Orbital Command  
  32  3:09  SCV  
  33  3:20  Marine  
  33  3:22  Marine  
  33  3:24  SCV  
  36  3:32  Widow Mine, Medivac x2  
  42  3:38  Marine  
  42  3:40  Marine  
  44  3:43  Supply Depot, SCV  
  44  3:46  SCV  
  46  3:51  Supply Depot  
  46  3:57  Liberator  
  46  4:04  Marine x2, SCV x2  
  46  4:07  Hellion  
  46  4:08  Hellion  
  54  4:16  SCV  
  58  4:21  Supply Depot, SCV  
  58  4:24  Marine  
  59  4:25  Marine  
  61  4:34  SCV  
  62  4:43  Hellion, SCV, Liberator  
  65  4:49  SCV  
  62  4:55  Marine x2  
  62  4:56  Hellion  
  62  4:59  Armory  
  64  5:01  Supply Depot  
  64  5:02  SCV  
  64  5:04  Hellion  
  70  5:21  Marine x2  
  70  5:22  SCV  
  70  5:23  Hellion  
  70  5:25  Supply Depot  
  70  5:26  Hellion, SCV  
  76  5:29  Liberator  
  76  5:32  Supply Depot  
  76  5:37  SCV  
  76  5:39  Marine  
  78  5:46  Marine  
  78  5:47  Hellion x2  
  86  5:53  SCV  
  87  6:00  Supply Depot  
  87  6:01  SCV  
  87  6:02  Command Center  
  88  6:08  Hellion x2  
  92  6:13  SCV  
  92  6:17  SCV  
  90  6:25  Marine x2, SCV  
  86  6:28  Terran Vehicle Weapons Level 1  
  86  6:29  Refinery, SCV  
  86  6:30  Refinery  
  86  6:31  Factory x2  
  87  6:38  SCV  
  87  6:39  Starport Tech Lab  
  88  6:41  Hellion, SCV  
  81  6:50  SCV  
  81  6:53  SCV  
  75  7:00  Engineering Bay  
  73  7:02  SCV  
  73  7:05  SCV  
  73  7:06  Factory  
  75  7:10  Factory  
  75  7:13  Starport Reactor  
  75  7:14  SCV  
  73  7:17  Factory Tech Lab  
  73  7:18  Siege Tank  
  73  7:19  Orbital Command  
  73  7:30  SCV x2  
  73  7:32  Cyclone  
  73  7:33  Cyclone  
  81  7:38  Supply Depot  
  81  7:39  Siege Tank  
  81  7:42  SCV  
  85  7:51  Factory Tech Lab  
  85  7:52  Hellion  
  87  8:02  Orbital Command  
  87  8:05  Hellion  
  89  8:08  Hellion x2  
  89  8:11  Siege Tank, SCV x2  
  98  8:13  Siege Tank  
  101  8:25  Siege Tank  
  101  8:26  Hellion x2, Refinery  
  108  8:34  Hellion x2, Missile Turret, SCV x2  
  114  8:35  SCV  
  114  8:36  Refinery  
  114  8:40  Supply Depot x2  
  115  8:41  Supply Depot  
  115  8:43  Siege Tank  
  115  8:44  Supply Depot  
  115  8:46  SCV x2  
  115  8:47  Siege Tank  
  119  8:56  Terran Vehicle Weapons Level 2  
  119  8:59  SCV  
  112  9:06  Hellion x2  
  112  9:08  Hellion x2, Siege Tank  
  123  9:15  Supply Depot  
  123  9:16  Supply Depot, Hellion  
  125  9:19  Medivac  
  127  9:29  Medivac  
  127  9:30  Hellion, Siege Tank  
  127  9:31  Hellion  
  136  9:39  Supply Depot  
  136  9:40  Supply Depot, Infernal Pre-Igniter  
  128  10:12  Command Center, Siege Tank x3  
  128  10:13  Hellion x3, Missile Turret  
  143  10:19  Medivac x2  
  141  10:30  Missile Turret x2  
  141  10:31  Missile Turret  
  141  10:33  Missile Turret  
  141  10:42  Hellion  
  143  10:45  Thor  
  143  10:46  Thor  
  155  10:52  Thor  
  155  10:53  Hellion x2  
  165  10:59  Supply Depot  
  165  11:00  Supply Depot  
  165  11:26  Hellion x2  
  165  11:29  Siege Tank x2  
  175  11:35  Hellion, Siege Tank  
  177  11:44  Terran Vehicle Weapons Level 3  
  177  12:01  Siege Tank  
  177  12:04  Siege Tank  
  177  12:05  Hellion x2  
  177  12:07  Siege Tank  
  187  12:10  Refinery  
  187  12:11  Missile Turret  
  187  12:12  Refinery  
  167  12:21  Hellion x2  
  148  12:26  Hellion  
  148  12:27  Medivac x2  
  149  12:33  Siege Tank  
  149  12:36  Siege Tank  
  155  12:42  Planetary Fortress  
  155  12:46  Hellion x2, Siege Tank  
  155  12:47  Hellion  
  163  12:55  SCV x2  
  164  13:05  Siege Tank  
  167  13:09  Siege Tank  
  167  13:10  Hellion  
  172  13:26  Hellion, Siege Tank  
  177  13:28  Hellion  
  177  13:32  Command Center  
  179  13:37  Siege Tank  
  179  13:38  Starport  
  179  13:40  Starport  
  179  13:48  Hellion x2  
  175  14:00  Hellion  
Show
View Real Time Build Order
Export as new Build Order

CatZ Zerg 

Build Orders: Hatch First, Swarm Host 

Get SALT Encoding   

  12  0:00  Drone  
  13  0:13  Overlord  
  13  0:17  Drone  
  14  0:31  Drone  
  14  0:32  Drone  
  16  0:35  Drone  
  17  0:53  Hatchery  
  17  0:56  Drone  
  17  1:09  Spawning Pool  
  16  1:13  Drone  
  16  1:16  Drone  
  18  1:20  Drone  
  19  1:31  Drone  
  20  1:46  Hatchery  
  19  1:56  Queen  
  19  1:57  Zergling x2  
  19  2:00  Overlord  
  22  2:11  Queen  
  24  2:18  Drone  
  24  2:19  Drone  
  24  2:20  Drone  
  27  2:23  Drone  
  27  2:28  Drone x2  
  30  2:33  Extractor  
  30  2:35  Drone  
  30  2:41  Queen  
  30  2:44  Drone  
  33  2:47  Drone  
  33  2:49  Drone  
  35  2:56  Drone  
  35  2:58  Drone  
  35  3:00  Queen  
  38  3:06  Overlord  
  38  3:08  Drone  
  39  3:14  Queen  
  41  3:22  Drone  
  41  3:23  Overlord  
  42  3:31  Overlord  
  42  3:32  Metabolic Boost  
  42  3:34  Overlord  
  42  3:36  Overlord  
  42  3:44  Drone x4  
  42  3:45  Drone  
  47  3:54  Zergling x10  
  52  3:56  Drone  
  52  4:01  Queen  
  55  4:06  Queen  
  57  4:10  Drone x2  
  59  4:18  Evolution Chamber  
  59  4:20  Evolution Chamber  
  57  4:25  Drone x2  
  57  4:27  Drone x5  
  57  4:29  Drone x2  
  66  4:31  Drone  
  66  4:37  Zergling x8  
  67  4:52  Drone x4  
  67  4:55  Spore Crawler  
  67  4:57  Drone x2  
  67  4:58  Drone  
  69  5:01  Zerg Ground Armor Level 1  
  69  5:08  Queen x2  
  69  5:13  Spore Crawler  
  69  5:14  Zergling x4  
  73  5:26  Overlord  
  73  5:29  Overlord  
  73  5:31  Extractor x3  
  73  5:32  Queen  
  73  5:33  Overlord  
  72  5:37  Zerg Melee Weapons Level 1  
  72  5:43  Queen, Zergling x2  
  72  5:44  Queen  
  72  5:45  Zergling x4, Spine Crawler  
  72  5:46  Zergling x4  
  80  5:55  Overlord  
  80  5:56  Roach Warren  
  79  5:58  Drone x2  
  79  5:59  Drone x2  
  83  6:06  Zergling x2  
  83  6:07  Zergling x6  
  87  6:17  Zergling x2  
  87  6:18  Zergling x16  
  85  6:31  Zergling x10  
  84  6:35  Zergling x2  
  84  6:36  Zergling x2  
  84  6:37  Zergling x2  
  78  6:44  Drone x2  
  78  6:46  Drone x2  
  70  6:50  Drone  
  70  6:52  Drone  
  66  6:56  Drone  
  66  6:59  Drone x2  
  66  7:00  Drone  
  66  7:01  Drone  
  71  7:07  Overlord  
  68  7:12  Drone x2  
  68  7:17  Drone x2  
  70  7:25  Drone x2  
  70  7:26  Drone x2  
  72  7:33  Lair  
  72  7:35  Drone x2, Baneling Nest  
  73  7:42  Drone  
  74  7:48  Zergling x16  
  77  7:58  Roach  
  78  8:03  Roach x2  
  77  8:07  Drone  
  78  8:15  Roach x2  
  78  8:17  Roach  
  84  8:20  Drone x2  
  84  8:21  Zerg Missile Weapons Level 1  
  84  8:24  Burrow  
  86  8:29  Drone x3  
  89  8:42  Drone x3  
  89  8:43  Drone x2  
  94  8:50  Roach x2  
  97  8:58  Roach x2  
  97  9:02  Centrifical Hooks  
  101  9:03  Roach  
  101  9:04  Drone  
  101  9:05  Zerg Ground Armor Level 2  
  101  9:06  Glial Reconstitution  
  101  9:08  Roach x3  
  112  9:10  Roach  
  112  9:12  Drone  
  113  9:23  Overlord x2  
  113  9:25  Overlord  
  113  9:27  Overlord  
  113  9:30  Overlord  
  113  9:40  Overlord  
  113  9:43  Drone x3, Infestation Pit  
  110  9:46  Drone x2  
  110  9:47  Drone  
  106  9:53  Drone x4  
  106  9:54  Drone  
  106  9:58  Drone  
  106  9:59  Drone x2  
  110  10:00  Drone  
  110  10:04  Drone x3  
  114  10:08  Drone x2  
  116  10:18  Drone x2  
  116  10:19  Pathogen Glands  
  116  10:20  Hatchery  
  116  10:28  Zergling x2  
  116  10:29  Zergling x6  
  116  10:34  Extractor  
  119  10:39  Drone x4  
  123  10:47  Infestor x3  
  123  10:48  Infestor x2, Extractor  
  132  10:51  Infestor  
  134  10:59  Zergling x14  
  134  11:02  Ravager  
  134  11:03  Zergling x6  
  145  11:10  Ravager  
  146  11:11  Zergling x6  
  146  11:17  Roach  
  151  11:22  Ravager x2  
  151  11:34  Roach x2  
  151  11:35  Roach x2, Overlord  
  154  11:47  Overlord  
  153  11:57  Overlord  
  153  12:00  Zergling x18  
  153  12:01  Zergling x4  
  132  12:21  Zergling x18  
  132  12:22  Zergling x10  
  127  12:24  Roach Warren  
  127  12:28  Queen  
  127  12:29  Drone x5  
  136  12:30  Drone  
  136  12:34  Hive  
  134  12:52  Overlord  
  134  12:57  Swarm Host x3  
  134  12:58  Swarm Host x5  
  158  13:04  Zergling x2  
  158  13:05  Zergling x4  
  152  13:10  Swarm Host  
  158  13:13  Hatchery  
  158  13:16  Roach x4  
  158  13:17  Roach  
  167  13:21  Zergling x4  
  167  13:24  Extractor  
  167  13:25  Roach x2, Extractor  
  173  13:27  Roach x2  
  173  13:31  Roach  
  173  13:33  Roach x2  
  171  13:44  Zergling x2  
  171  13:45  Zergling x6  
  159  13:59  Zergling x2  
  159  14:01  Zergling x8  
  149  14:04  Zergling x2  
  149  14:05  Zergling x2  
  149  14:06  Zergling x4  
Tags
 
Add a new tag
Caveats
  • Supply blocks, unpowered buildings, or Contaminate may cause inaccurate times.
  • Supply counts are checked every 10 seconds.